 Dungeon Crawl Stone Soup version 0.16.1-5-gaa23807 (webtiles) character file.

541 wojtek the Slicer (level 7, -2/41 HPs)
             Began as a Kobold Assassin on Mar 28, 2015.
             Slain by a gnoll sergeant
             ... wielding a +0 spear
              (6 damage)
             ... on level 4 of the Dungeon.
             The game lasted 00:08:06 (6313 turns).

wojtek the Slicer (Kobold Assassin)                 Turns: 6313, Time: 00:08:06

Health: -2/41      AC:  5    Str:  9    XL:     7   Next: 52%
Magic:  7/7        EV: 16    Int: 11    God:
Gold:   129        SH:  0    Dex: 18    Spells: 0 memorised, 6 levels left

rFire  . . .     SeeInvis .     b - +0 blowgun
rCold  . . .     Clarity  .     c - +0 robe
rNeg   . . .     SustAb   .     (no shield)
rPois  .         Gourm    .     u - +0 helmet
rElec  .         Spirit   .     d - +0 cloak
rCorr  .         Warding  .     m - +0 pair of gloves
rMut   .         Stasis   .     (no boots)
MR     .....                    (no amulet)
Stlth  +++.......               (no ring)
                                (no ring)

@: not resistant to hostile enchantments, fairly stealthy
A: carnivore 3
a: no special abilities


You were on level 4 of the Dungeon.
You were completely stuffed.

You visited 1 branch of the dungeon, and saw 5 of its levels.

You collected 129 gold pieces.

Inventory:

Hand weapons
 a - a +2 dagger
 b - a +0 blowgun (weapon)
Missiles
 e - 12 poisoned needles (quivered)
 f - 2 curare-tipped needles
Armour
 c - a +0 robe (worn)
 d - a +0 cloak (worn)
 m - a +0 pair of gloves (worn)
 u - a +0 helmet (worn)
Scrolls
 h - 2 scrolls of immolation {unknown}
 i - 3 scrolls of fog {unknown}
 k - 3 scrolls of remove curse {unknown}
 l - 3 scrolls of amnesia {unknown}
 p - 2 scrolls of enchant weapon {unknown}
 q - a scroll of noise {unknown}
 r - 3 scrolls of identify {unknown}
 s - 3 scrolls of magic mapping {unknown}
 t - 3 scrolls of enchant armour {unknown}
 v - a scroll of fear {unknown}
 w - a scroll of teleportation {unknown}
 x - a scroll of random uselessness {unknown}
Potions
 n - a potion of curing
 o - a potion of degeneration {unknown}
 A - 2 potions of heal wounds
 B - a potion of brilliance {unknown}
Comestibles
 g - 2 meat rations
 j - 2 beef jerkies
 z - a chunk of flesh


   Skills:
 + Level 3.3 Fighting
 - Level 9.1 Short Blades
 - Level 2.6 Throwing
 + Level 3.1 Dodging
 - Level 5.3 Stealth


You had 6 spell levels left.
You didn't know any spells.

Dungeon Overview and Level Annotations

Branches:
Dungeon (5/15)             Temple (0/1) D:5

Altars:
Fedhas
Kikubaaqudgha
Okawaru

Annotations:
D:4 Menkaure


Innate Abilities, Weirdness & Mutations

You are small and have problems with some larger weapons.
You are carnivorous and can eat meat at any time.


Message History

Aim: a gnoll sergeant, wielding a spear and wearing a scale mail (heavily wounded)
You shoot a poisoned needle.
The poisoned needle hits the gnoll sergeant.
The gnoll sergeant is poisoned.
The gnoll sergeant is heavily wounded.
The gnoll sergeant hits you from afar with a spear!
* * * LOW HITPOINT WARNING * * *
You see here a poisoned needle.
The gnoll sergeant looks more healthy.
Firing (i - inventory. (,) - cycle):
e - 12 poisoned needles (quivered)
Press: ? - help, Shift-Dir - straight line, f/p - gnoll sergeant
Aim: a gnoll sergeant, wielding a spear and wearing a scale mail (severely wounded)
You shoot a poisoned needle.
The poisoned needle hits the gnoll sergeant!
The gnoll sergeant is poisoned.
The gnoll sergeant is severely wounded.
The gnoll sergeant hits you but does no damage.
e - 12 poisoned needles (gained 1)
The gnoll sergeant hits you from afar with a spear.
You die...

..#..####...#
#.##............. .....# ##..#
##.###............ .....#
#..####..# #............
####.##
#<.......###............
##.####..####...#..)..........
#..##..## ##....#>(......(..
##..#..# ##.g(.##..........
###....## ##..#..##..........
####......#
#.@###g.##.........
#......##.# ##.##
#..#..........
...######..###..#
#....##....... .. ##......#
##.#####...... .
#......####..# ##.....
#.......##g.## ##......
#........(...# ##..##...
.............# ##..####..
#..######.....##..## ##.


You could see a gnoll sergeant.

Vanquished Creatures
  2 ogres
  A crimson imp (D:3)
  A giant frog skeleton (D:5)
  A hound (D:4)
  2 worker ants (D:4)
  Robin (D:4)
  3 gnolls (D:3)
  6 adders
  A giant mite (D:3)
  3 worms
  3 giant geckos
  5 orcs
  2 giant cockroaches
  18 goblins
  8 hobgoblins
  17 jackals
  2 quokkas (D:4)
  13 bats
  A giant gecko skeleton (D:4)
  3 giant newts
  10 kobolds
  12 rats
115 creatures vanquished.

Notes
Turn   | Place    | Note
--------------------------------------------------------------
     0 | D:1      | wojtek, the Kobold Assassin, began the quest for the Orb.
     0 | D:1      | Reached XP level 1. HP: 12/12 MP: 1/1
   124 | D:1      | Reached XP level 2. HP: 5/17 MP: 2/2
   774 | D:1      | Reached XP level 3. HP: 19/21 MP: 3/3
  1332 | D:2      | Found an ancient bone altar of Kikubaaqudgha.
  1337 | D:2      | Found a blossoming altar of Fedhas.
  1344 | D:2      | Reached skill level 5 in Short Blades
  1550 | D:2      | Reached XP level 4. HP: 8/26 MP: 4/4
  2017 | D:2      | Noticed an ogre
  2041 | D:2      | Killed an ogre
  2041 | D:2      | Reached skill level 7 in Short Blades
  2041 | D:2      | Reached XP level 5. HP: 30/30 MP: 5/5
  3193 | D:3      | Reached XP level 6. HP: 26/35 MP: 6/6
  3570 | D:3      | Reached skill level 8 in Short Blades
  4123 | D:3      | Found an iron altar of Okawaru.
  4856 | D:4      | Reached skill level 9 in Short Blades
  4856 | D:4      | Reached XP level 7. HP: 26/40 MP: 7/7
  4976 | D:4      | Noticed Robin
  5054 | D:4      | Killed Robin
  5620 | D:4      | Noticed Menkaure
  5671 | D:5      | Entered Level 5 of the Dungeon
  6097 | D:5      | Found a staircase to the Ecumenical Temple.
  6295 | D:4      | HP: 1/41 [gnoll sergeant/spear (9)]
  6313 | D:4      | Slain by a gnoll sergeant

Action                   |  1- 3 |  4- 6 |  7- 9 || total
-------------------------+-------+-------+-------++-------
Melee: Dagger            |   127 |   247 |   177 ||   551
 Fire: Blowgun           |       |    14 |     9 ||    23
  Use: Potion            |       |     1 |       ||     1
 Stab: Sleeping          |    10 |     5 |       ||    15
       Distracted        |     1 |       |       ||     1
  Eat: Chunk             |    10 |    11 |     4 ||    25
